 Dungeon Crawl Stone Soup version 0.30.0-15-g856e2d3f33 (webtiles) character file.

Game seed: 11685202295688374916

3075 AlmostDecent the Skirmisher (level 9, -8/55 HPs)
             Began as a Gargoyle Hunter on May 18, 2023.
             Was a Priest of Okawaru.
             Killed from afar by a steam dragon (16 damage)
             ... with a ball of steam
             ... on level 7 of the Dungeon.
             The game lasted 00:23:29 (6633 turns).

AlmostDecent the Skirmisher (Gargoyle Hunter)       Turns: 6633, Time: 00:23:30

Health: -8/55      AC: 16    Str: 15    XL:     9   Next: 88%
Magic:  9/9        EV: 11    Int: 14    God:    Okawaru [***...]
Gold:   767        SH:  0    Dex: 25    Spells: 8/8 levels left

rFire   . . .        a - +1 shortbow
rCold   . . .        (shield currently unavailable)
rNeg    + + .        C - +0 ring mail "Nyuwaf" {Will++}
rPois   ∞            q - +1 helmet
rElec   +            c - +2 cloak "Ycea" {rElec rN+ Int+4 Dex+2}
rCorr   .            (no gloves)
SInv    .            (no boots)
Will    ++...        r - amulet of faith
Stlth   ++           l - +6 ring of dexterity
HPRegen 0.29/turn    (no ring)
MPRegen 0.11/turn

%: faith
@: no status effects
A: sickness immunity, AC +6, negative energy resistance 1, electricity
resistance, torment resistance 1, petrification resistance
a: Renounce Religion, Heroism


You were on level 7 of the Dungeon.
You worshipped Okawaru.
Okawaru was most pleased with you.
You visited 2 branches of the dungeon, and saw 8 of its levels.
You also visited: Sewer and Ossuary.

You collected 767 gold pieces.

Inventory:

Hand Weapons
 a - a +1 shortbow (weapon)
 o - a +6 dagger of draining
Armour
 c - the +2 cloak "Ycea" (worn) {rElec rN+ Int+4 Dex+2}
   (You acquired it on level 6 of the Dungeon)

   Int:       It affects your intelligence (+4).
   Dex:       It affects your dexterity (+2).
   rElec:     It insulates you from electricity.
   rN:        It protects you from negative energy.
 q - a +1 helmet (worn)
 w - the +2 helmet of Suromuakk {Rampage rCorr Dex+4}
   (You took it off Robin on level 4 of the Dungeon)

   Dex:       It affects your dexterity (+4).
   rCorr:     It protects you from acid and corrosion.
   Rampage:   It bestows one free step when moving towards enemies.
 C - the +0 ring mail "Nyuwaf" (worn) {Will++}
   (You found it on level 6 of the Dungeon)

   Will:      It greatly increases your willpower.
Jewellery
 e - an amulet of guardian spirit
 h - a ring of fire
 l - a +6 ring of dexterity (left hand)
 r - an amulet of faith (around neck)
 s - an amulet of regeneration
 y - a ring of willpower
Wands
 u - a wand of polymorph (24)
 x - a wand of light (7)
Scrolls
 b - 3 scrolls of immolation
 f - 3 scrolls of magic mapping
 g - 3 scrolls of poison
 k - 5 scrolls of teleportation
 B - 2 scrolls of enchant weapon
Potions
 d - 4 potions of flight
 i - 3 potions of curing
 j - a potion of magic
 m - 2 potions of mutation
 n - a potion of berserk rage {unknown}
 p - 2 potions of invisibility
 t - a potion of haste {unknown}
 v - 2 potions of might
 z - a potion of brilliance {unknown}
 A - a potion of cancellation {unknown}


   Skills:
 + Level 6.0 Fighting
 * Level 12.9 Ranged Weapons
 - Level 1.8 Dodging
 - Level 1.1 Stealth
 + Level 0.1 Unarmed Combat


You had 8 spell levels left.
You didn't know any spells.
Your spell library contained the following spells:

 Spells                   Type           Power      Damage    Failure   Level
 Sandblast                Erth           0%         2d4       50%         1
 Blink                    Tloc           0%         N/A       65%         2
 Passwall                 Tmut/Erth      0%         N/A       65%         2
 Poisonous Vapours        Pois/Air       0%         N/A       65%         2
 Mephitic Cloud           Conj/Pois/Air  0%         N/A       86%         3
 Ozocubu's Armour         Ice            0%         N/A       86%         3
 Stone Arrow              Conj/Erth      0%         3d7       86%         3
 Manifold Assault         Tloc           0%         N/A       99%         4
 Borgnjor's Vile Clutch   Necr/Erth      0%         N/A       100%        5
 Freezing Cloud           Conj/Ice/Air   0%         6-21      100%        5
 Metabolic Englaciation   Hex/Ice        0%         N/A       100%        5
 Orb of Destruction       Conj           0%         9d5       100%        7
 Storm Form               Tmut/Air       0%         N/A       100%        7
 Summon Guardian Golem    Hex/Summ       Unusable   N/A       N/A         3
 Animate Dead             Necr           Unusable   N/A       N/A         4
 Summon Ice Beast         Ice/Summ       Unusable   N/A       N/A         4
 Death Channel            Necr           Unusable   N/A       N/A         6
 Simulacrum               Ice/Necr       Unusable   N/A       N/A         6
 Spellforged Servitor     Conj/Summ      Unusable   N/A       N/A         7

Dungeon Overview and Level Annotations

Branches:
Dungeon (7/15)             Temple (1/1) D:4           Sewer (visited)
Ossuary (visited)

Altars:
Ashenzari
Dithmenos
Fedhas
Gozag
Hepliaklqana
Kikubaaqudgha
Nemelex Xobeh
Okawaru
Ru
Sif Muna
Trog
Uskayaw
Vehumet
Wu Jian
Xom
Yredelemnul
Zin
The Shining One

Shops:
D:7 (


Innate Abilities, Weirdness & Mutations

You are immune to sickness and miasma.
Your stone body is resilient. (AC +6)
You are immune to poison.
You resist negative energy. (rN+)
You are resistant to electric shocks. (rElec)
You are resistant to unholy torment.
You are immune to petrification.


Message History

You are too injured to fight recklessly!
You shoot an arrow. The arrow hits the bullfrog!
You kill the bullfrog!
Okawaru accepts your kill.
You are engulfed in a cloud of scalding steam.
The steam dragon bites you but does no damage.
The steam dragon claws you but does no damage.
A steam dragon comes into view.
The steam dragon bites you but does no damage.
The steam dragon barely misses you.
A white imp comes into view.
The steam dragon moves out of view.
You are too injured to fight recklessly!
You are too injured to fight recklessly!
You are too injured to fight recklessly!
You shoot an arrow. The white imp shouts!
The arrow hits the steam dragon.
The steam dragon is moderately wounded.
The steam dragon barely misses you. The steam dragon completely misses you.
You shoot an arrow.
The arrow closely misses the steam dragon.
The steam dragon bites you. The steam dragon claws you.
You shoot an arrow.
The arrow closely misses the steam dragon.
The steam dragon bites you!
* * * LOW HITPOINT WARNING * * *
The steam dragon claws you but does no damage.
You shoot an arrow.
The arrow barely misses the steam dragon.
The steam dragon breathes steam at you.
The ball of steam hits the steam dragon!
The steam dragon resists.
The ball of steam misses you.
The steam dragon bites you but does no damage.
The steam dragon claws you but does no damage.
You are engulfed in a cloud of scalding steam.
* * * LOW HITPOINT WARNING * * *
The steam dragon breathes steam at you. The ball of steam hits you!
You die...

...## #......... ##....
#......... #....#
#......... #..#.#
#########. #.5#.# #.....
#######..#.#########.....
.......§.§§.∩.##...#.....
......DD§#.##.##...#.....
.......#@#.##.##...#.....
.......#.#.##......#....#
.....§......####...#....#
.........#.. #...'....#
...D......... #...###+##
...########## ##### ...


You could see 2 steam dragons and a white imp.

Vanquished Creatures
  Sigmund (D:2)
  A vampire (D:6)
  Edmund (D:5)
  A sky beast (D:7)
  Duvessa (D:5)
  3 ice beasts
  2 black bears
  An orc warrior (D:6)
  4 phantoms
  A kobold brigand (D:6)
  An elf zombie (Ossuary)
  Blork the orc (D:4)
  2 bullfrogs
  A gnoll sergeant (D:5)
  Dowan (D:5)
  6 electric eels (D:6)
  A howler monkey (D:6)
  4 hounds
  2 jellies
  An orc priest (D:6)
  2 iguanas
  A sleepcap (D:5)
  A human zombie (Ossuary)
  Ijyb (D:4)
  A sickly merfolk siren (Sewer)
  A malarious merfolk avatar (Sewer)
  2 mummies (Ossuary)
  Robin (D:4)
  15 gnolls
  11 adders
  2 river rats (Sewer)
  2 ufetubi
  A worm (D:3)
  6 dart slugs
  14 orcs
  9 endoplasms
  13 giant cockroaches
  13 goblins
  10 hobgoblins
  7 jackals
  13 kobolds
  11 quokkas
  9 ball pythons
  5 bats
  8 frilled lizards
  2 gnoll zombies (Ossuary)
  6 goblin zombies (Ossuary)
  2 hobgoblin zombies (Ossuary)
  2 orc zombies (Ossuary)
  31 rats
238 creatures vanquished.

Notes
Turn   | Place    | Note
-------+----------+-------------------------------------------
     0 | D:1      | AlmostDecent the Gargoyle Hunter began the quest for the
                  | Orb.
     0 | D:1      | Reached XP level 1. HP: 12/12 MP: 1/1
   101 | D:1      | Reached XP level 2. HP: 17/17 MP: 2/2
   409 | D:1      | Reached XP level 3. HP: 21/21 MP: 3/3
   491 | D:1      | Got the Almanac of the Sinister Serac
   973 | D:2      | Reached skill level 5 in Ranged Weapons
  1028 | D:2      | Reached XP level 4. HP: 21/26 MP: 4/4
  1181 | D:2      | Noticed Sigmund
  1201 | D:2      | Killed Sigmund
  1202 | D:2      | Reached skill level 6 in Ranged Weapons
  1202 | D:2      | Reached XP level 5. HP: 10/31 MP: 3/5
  1202 | D:2      | Reached XP level 6. HP: 11/36 MP: 3/6
  1906 | D:3      | Found a faded altar of an unknown god.
  1948 | D:3      | Reached skill level 7 in Ranged Weapons
  2945 | D:4      | Found a staircase to the Ecumenical Temple.
  2954 | Temple   | Entered the Ecumenical Temple
  2989 | Temple   | Became a worshipper of Warmaster Okawaru
  3031 | D:4      | Reached XP level 7. HP: 27/41 MP: 7/7
  3048 | D:4      | Reached skill level 8 in Ranged Weapons
  3113 | D:4      | Noticed Ijyb
  3416 | D:4      | Killed Ijyb
  3524 | D:4      | Identified the +2 helmet of Suromuakk {Rampage rCorr Dex+4}
  3524 | D:4      | Noticed Robin
  3553 | D:4      | Killed Robin
  3661 | D:5      | Entered Level 5 of the Dungeon
  3661 | D:5      | Noticed Blork the orc
  3674 | D:4      | Killed Blork the orc
  3674 | D:4      | Reached * piety under Okawaru
  3675 | D:4      | Reached skill level 9 in Ranged Weapons
  3719 | D:4      | Reached XP level 8. HP: 48/48 MP: 5/8
  3753 | D:5      | Noticed Duvessa
  3753 | D:5      | Noticed Dowan
  3764 | D:5      | Killed Duvessa
  3774 | D:5      | Killed Dowan
  3833 | D:5      | Found a glowing drain.
  3847 | Sewer    | Entered a sewer
  4077 | Sewer    | Reached skill level 10 in Ranged Weapons
  4461 | D:5      | Found a large runed translucent door.
  4461 | D:5      | Noticed Edmund
  4478 | D:5      | Killed Edmund
  4479 | D:5      | Found a large runed translucent door.
  4600 | D:5      | Found an ornate altar of the Wu Jian Council.
  4605 | D:5      | Reached ** piety under Okawaru
  4619 | D:5      | Found a broken altar of Ashenzari.
  4714 | D:5      | Reached skill level 11 in Ranged Weapons
  4862 | D:5      | Reached XP level 9. HP: 52/52 MP: 9/9
  5080 | D:6      | Found a sand-covered staircase.
  5102 | Ossuary  | Entered an ossuary
  5167 | Ossuary  | Reached skill level 5 in Fighting
  5411 | D:6      | Identified the +0 ring mail "Nyuwaf" {Will++}
  5426 | D:6      | Identified a scroll of acquirement
  5426 | D:6      | Acquired the +2 cloak "Ycea" {rElec rN+ Int+4 Dex+2}
  5485 | D:6      | Identified the +0 robe of Midwinter {+Inv rPois Stlth-
                  | Archmagi}
  5876 | D:6      | Reached skill level 12 in Ranged Weapons
  6218 | D:6      | Reached *** piety under Okawaru
  6348 | D:6      | Found a shadowy altar of Dithmenos.
  6607 | D:7      | Found Hughuret's Weapon Shop.
  6633 | D:7      | Killed from afar by a steam dragon

Illustrated notes

Levels and vault maps discovered:
D:1:      zelgadis_glass_arrival_small, layout_basic
D:2:      layout_loops_corners, uniq_sigmund
D:3:      layout_basic, hellmonk_ecumenical_altar_dog_temple
D:4:      layout_cave_pools, minmay_temple_entry_glass,
          dreamdust_princess_bridge, uniq_ijyb, uniq_robin
D:5:      layout_basic, jmf_multi_god_temple2, gup_sewer_entry_pipe,
          uniq_duvessa, uniq_edmund, uniq_blork_the_orc
D:6:      cheibrodos_two_vegetables, layout_loops_ring, kennysheep_little_box,
          nicolae_ossuary_entry_ruins
D:7:      layout_basic, serial_shops, shop, shop, shop_fountains, shop,
          nicolae_take_the_stairs, kennysheep_dice
Temple:   compressed_dpeg_triangle_lava_temple

Skill      XL: |  1  2  3  4  5  6  7  8  9 |
---------------+----------------------------+-----
Ranged Weapons | 5 6 7 9 11 12 | 12.9
Fighting       | 3 4 6 |  6.0
Dodging        | |  1.8
Stealth        | |  1.1
Unarmed Combat | |  0.1

Action                     |  1- 3 |  4- 6 |  7- 9 || total
---------------------------+-------+-------+-------++-------
  Melee: Unarmed           |       |       |     3 ||     3
         Dagger            |       |       |     1 ||     1
   Fire: Shortbow          |    97 |   152 |   574 ||   823
 Invoke: Heroism           |       |       |     2 ||     2
    Use: Scroll            |       |       |    15 ||    15
         Potion            |       |       |     1 ||     1
 Armour: Leather armour    |    16 |    41 |   103 ||   160
         Ring mail         |       |       |    50 ||    50
  Dodge: Dodged            |    20 |    84 |   185 ||   289
